 Dungeon Crawl Stone Soup version 0.29-a0-322-g68df515428 (webtiles) character file.

Game seed: 9668550925411089778

193 kae the Firebug (level 5, -4/29 HPs)
             Began as a Tengu Fire Elementalist on Apr 8, 2022.
             Was an Initiate of Sif Muna.
             Slain by Ijyb
             ... wielding a +5 dagger of venom
              (5 damage)
             ... on level 3 of the Dungeon.
             The game lasted 00:02:01 (4249 turns).

kae the Firebug (Tengu Fire Elementalist)           Turns: 4249, Time: 00:02:01

Health: -4/29      AC:  3    Str:  8    XL:     5   Next: 72%
Magic:  10/10      EV: 15    Int: 18    God:    Sif Muna [......]
Gold:   191        SH:  0    Dex: 14    Spells: 3/9 levels left

rFire   + . .      SeeInvis .   c - staff of fire
rCold   + . .      Faith    .   (no shield)
rNeg    + . .      Spirit   .   a - +1 robe
rPois   .          Reflect  .   (helmet restricted)
rElec   .          Harm     .   (no cloak)
rCorr   .          Rampage  .   (no gloves)
Will    .....                   (boots unavailable)
Stlth   ++........              h - amulet of magic regeneration
HPRegen 0.09/turn               i - ring of protection from cold
MPRegen 0.52/turn               m - ring of positive energy

@: mighty, brilliant, lethally poisoned (-4 -> -20), attractive, flying quickly
and evasively, hasted, very quick
A: beak, talons 3, nimble flight
a: Renounce Religion


You were on level 3 of the Dungeon.
You worshipped Sif Muna.
Sif Muna was noncommittal.
You visited 1 branch of the dungeon, and saw 4 of its levels.

You collected 191 gold pieces.

Inventory:

Armour
 a - a +1 robe (worn)
Magical Staves
 c - a staff of fire (weapon)
Jewellery
 h - an amulet of magic regeneration (around neck)
 i - a ring of protection from cold (left hand)
 m - a ring of positive energy (right hand)
Scrolls
 j - 2 scrolls of identify
 n - 2 scrolls of enchant armour
 p - a scroll of fear {unknown}
Potions
 b - a potion of magic
 d - a potion of resistance
 f - a potion of might
 l - 2 potions of cancellation {unknown}
 o - a potion of curing {unknown}


   Skills:
 + Level 1.5 Fighting
 + Level 1.0 Staves
 + Level 2.0 Armour
 + Level 3.1 Dodging
 - Level 2.0 Stealth
 + Level 2.7 Spellcasting
 + Level 2.7 Conjurations
 + Level 4.0 Fire Magic
 + Level 0.4 Invocations
 + Level 0.9 Evocations


You had 3 spell levels left.
You knew the following spells:

 Your Spells              Type           Power      Damage    Failure   Level
a - Foxfire               Conj/Fire      100%       2x1d9     4%          1
b - Scorch                Fire           76%        2d8       4%          2
c - Conjure Flame         Conj/Fire      32%        6-21      13%         3

Your spell library contained the following spells:

 Spells                   Type           Power      Damage    Failure   Level
 Inner Flame              Hex/Fire       21%        N/A       22%         3
 Flame Wave               Conj/Fire      32%        2d8       38%         4


Dungeon Overview and Level Annotations

Branches:
Dungeon (4/15)
 Temple: D:4-7

Altars:
Gozag
Kikubaaqudgha
Ru
Sif Muna
Vehumet
Xom
Zin

Annotations:
D:3 Ijyb


Innate Abilities, Weirdness & Mutations

You have a beak for a mouth.
You have claws for feet.
Your magical nature lets you fly swiftly and evasively.


Message History

Unknown command.
A kobold comes into view. It is wielding a +0 dagger.
Ijyb shouts!
An orc comes into view. It is wielding a +0 short sword.
There is a stone staircase leading up here.
Casting: Scorch (safe; 4% risk of failure)
Confirm with . or Enter, or press ? or * to list all spells.
You feel a surge of power!
You conjure some foxfire!
The foxfire hits Ijyb.
Ijyb is lightly wounded.
The foxfire hits the orc.
The orc is heavily wounded.
Casting: Foxfire (safe; 4% risk of failure)
Confirm with . or Enter, or press ? or * to list all spells.
You feel a surge of power!
You conjure some foxfire!
The foxfire hits Ijyb.
Ijyb is lightly wounded.
The foxfire hits the kobold but does no damage.
Ijyb hits you with a +5 dagger of venom.
You are poisoned.
You fly upwards.
You feel very sick.
There is a stone staircase leading down here.
Okay, then.
It was a potion of brilliance.
You feel clever all of a sudden.
You feel sick. Ijyb closely misses you.
It was a potion of might.
You feel very mighty all of a sudden.
You feel sick. Ijyb closely misses you.
It was a potion of haste.
You feel yourself speed up.
You feel sick.
Ijyb hits you with a +5 dagger of venom.
* * * LOW HITPOINT WARNING * * *
You are more poisoned.
It was a potion of attraction.
You feel attractive to monsters.
* * * LOW HITPOINT WARNING * * *
You feel very sick.
Ijyb hits you with a +5 dagger of venom.
You die...

#...#...# #... #.#.#.#.# #...
#.#.#.#(# #... # #.#.#.#.# #... #
####'#'#.#.###... #
#...)....#....... # #######
##.....[..#####.#. # #.....#
#.........#...#.#. # #.....#
#@........#.#.#.#. # #.....#
#.g.......#...#.#. # #.....#
#...#+#+#.###.#.#. # #.....#
#...#+#+#.....#.## # #.....#
#..........####... #######.....#
#......).......... #...........#
#...........<.....
#...........####..........#######
).........................'......


You could see Ijyb.

Vanquished Creatures
  2 orc priests (D:3)
  5 adders
  An ufetubus (D:3)
  2 dart slugs
  An orc (D:3)
  7 endoplasms
  3 giant cockroaches
  5 goblins
  6 hobgoblins
  6 jackals
  4 quokkas
  5 ball pythons
  11 bats
  4 frilled lizards (D:2)
  6 kobolds
  7 rats
75 creatures vanquished.

Vanquished Creatures (others)
  209 foxfires
209 creatures vanquished.

Grand Total: 284 creatures vanquished

Notes
Turn   | Place    | Note
-------+----------+-------------------------------------------
     0 | D:1      | kae the Tengu Fire Elementalist began the quest for the
                  | Orb.
     0 | D:1      | Reached XP level 1. HP: 10/10 MP: 4/4
   244 | D:1      | Reached XP level 2. HP: 15/15 MP: 4/6
   952 | D:1      | Reached XP level 3. HP: 20/20 MP: 5/7
   979 | D:1      | Reached skill level 1 in Armour
  1194 | D:1      | Found a faded altar of an unknown god.
  1738 | D:2      | Identified a scroll of acquirement
  1738 | D:2      | Acquired a staff of fire
  1781 | D:2      | Learned a level 2 spell: Scorch
  1785 | D:2      | Learned a level 3 spell: Conjure Flame
  1962 | D:2      | Reached skill level 1 in Fighting
  2322 | D:2      | Found a glowing silver altar of Zin.
  2469 | D:2      | Reached XP level 4. HP: 21/25 MP: 4/8
  2863 | D:3      | Found an ancient bone altar of Kikubaaqudgha.
  2864 | D:3      | Found a shimmering altar of Xom.
  2924 | D:3      | Found a shimmering blue altar of Sif Muna.
  2924 | D:3      | Found a radiant altar of Vehumet.
  3110 | D:3      | Became a worshipper of Sif Muna the Loreminder
  3184 | D:3      | Found a sacrificial altar of Ru.
  3711 | D:3      | Found an opulent altar of Gozag.
  3772 | D:2      | Gained mutation: Your magical nature lets you fly swiftly
                  | and evasively. [Tengu growth]
  3772 | D:2      | Reached XP level 5. HP: 16/29 MP: 6/9
  4009 | D:3      | Reached skill level 4 in Fire Magic
  4224 | D:4      | Reached skill level 1 in Staves
  4232 | D:4      | Noticed Ijyb
  4249 | D:3      | HP: 1/29 [poisoned by Ijyb]
  4249 | D:3      | Slain by Ijyb

Illustrated notes

Levels and vault maps discovered:
D:1:      saegor_arrival_simple_d, layout_basic, shapermc_ecumenical_altar_venn,
          minmay_misc_feat_diagonals, minivault_11,
          chequers_hall_statues_wall_a, minmay_octomino_j4
D:2:      minmay_chambers_of_twos, layout_basic, basic_altar
D:3:      layout_basic, lemuel_crystal_altar,
          nicolae_kikubaaqudgha_miasma_corner, nicolae_overflow_hidden_temple,
          grunt_temple_overflow_open
D:4:      cheibrodos_greedy_goblins, layout_rooms, minitemple, uniq_ijyb

Skill      XL: |  1  2  3  4  5 |
---------------+----------------+-----
Armour         | 1 2 |  2.0
Conjurations   | 2 |  2.7
Fighting       | 1 |  1.5
Dodging        | 3 |  3.1
Fire Magic     | 4 |  4.0
Staves         | 1 |  1.0
Stealth        | |  2.0
Spellcasting   | |  2.7
Invocations    | |  0.4
Evocations     | |  0.9

Action                   |  1- 3 |  4- 6 || total
-------------------------+-------+-------++-------
Melee: Unarmed           |    11 |       ||    11
       Kick              |     4 |     7 ||    11
       Peck              |     3 |     2 ||     5
       Staff             |     2 |    23 ||    25
 Cast: Foxfire           |    80 |    45 ||   125
       Scorch            |     2 |     7 ||     9
  Use: Scroll            |     6 |     2 ||     8
       Potion            |       |     4 ||     4
Armor: Robe              |     7 |    10 ||    17
Dodge: Dodged            |    23 |    31 ||    54

Table legend: (Time is in decaauts)
 A = Elapsed time spent in this place.
 B = Non-inter-level travel time spent in this place.
 C = Inter-level travel time spent in this place.
 D = Time resting spent in this place.
 E = Time spent auto-exploring this place.
 F = Levels seen in this place.
 G = Mean time per level.
                   A        B        C        D        E       F      G
               +--------+--------+--------+--------+--------+-----+--------+
         Total |   4241 |   4150 |     91 |    293 |   3326 |   4 | 1060.2 |
       Dungeon |   4241 |   4150 |     91 |    293 |   3326 |   4 | 1060.2 |
               +--------+--------+--------+--------+--------+-----+--------+

Top non-repeatable levels by time:
     D:1: 1734 daAuts
     D:2: 1294 daAuts
     D:3: 1167 daAuts
     D:4: 45 daAuts
